 Dungeon Crawl Stone Soup version 0.25.0-46-gbd7b0854d2 (webtiles) character file.

Game seed: 9068198113336205313

190 funkygono the Covered (level 5, -5/33 HPs)
             Began as a Gargoyle Fighter on July 12, 2020.
             Killed by divine providence
             ... invoked by an orc priest
              (12 damage)
             ... on level 4 of the Dungeon.
             The game lasted 00:04:41 (3208 turns).

funkygono the Covered (Gargoyle Fighter)            Turns: 3208, Time: 00:04:42

Health: -5/33      AC: 13    Str: 20    XL:     5   Next: 69%
Magic:  5/5        EV:  7    Int:  9    God:
Gold:   155        SH:  0    Dex:  9    Spells: 4/4 levels left

rFire    . . .     SeeInvis .   p - +1 flail (vorpal)
rCold    . . .     Gourm    .   c - +0 kite shield
rNeg     + + .     Faith    .   b - +0 scale mail
rPois    ∞         Spirit   .   o - +0 helmet
rElec    +         Reflect  .   (no cloak)
rCorr    .         Harm     .   k - +0 pair of gloves
MR       .....                  (no boots)
Stlth    ..........             (no amulet)
HPRegen  0.11/turn              s - ring of positive energy
MPRegen  0.09/turn              (no ring)

@: confused, mighty, invisible
A: negative energy resistance 1, electricity resistance, unbreathing,
petrification resistance, rot immunity, AC +4
a: no special abilities


You were on level 4 of the Dungeon.
You were hungry.

You visited 1 branch of the dungeon, and saw 4 of its levels.

You collected 155 gold pieces.

Inventory:

Hand Weapons
 a - a +1 flail
 p - a +1 vorpal flail (weapon)
Missiles
 n - 46 stones (quivered)
 r - 34 arrows
 t - 25 bolts
Armour
 b - a +0 scale mail (worn)
 c - a +0 kite shield (worn)
 k - a +0 pair of gloves (worn)
 o - a +0 helmet (worn)
Jewellery
 s - a ring of positive energy (left hand)
Wands
 l - a wand of random effects (13)
Scrolls
 e - a scroll of remove curse
 g - a scroll of identify
 q - 2 scrolls of fear
 u - a scroll of blinking {unknown}
 v - a scroll of fog {unknown}
Potions
 d - a potion of might
 h - a potion of magic
 j - 2 potions of haste
 m - a potion of curing
 w - a potion of heal wounds {unknown}
Comestibles
 f - 6 rations


   Skills:
 + Level 4.1 Fighting
 + Level 3.8 Maces & Flails
 + Level 4.1 Armour
 + Level 1.0 Dodging
 + Level 0.1 Stealth
 + Level 4.1 Shields


You had 4 spell levels left.
You didn't know any spells.
Your spell library was empty.

Dungeon Overview and Level Annotations

Branches:
Dungeon (4/15)
 Temple: D:4-7

Altars:
Ashenzari


Innate Abilities, Weirdness & Mutations

You are resistant to torment.
Your stone body is resilient. (AC +4)
You are immune to poison.
You resist negative energy. (rN+)
You are resistant to electric shocks. (rElec)
You can survive without breathing.
You are immune to petrification.
You are immune to rotting.


Message History

The orc priest calls down the wrath of Beogh upon you.
Beogh smites you!
* * * LOW HITPOINT WARNING * * *
The orc wizard hits you but does no damage.
You barely miss the orc wizard.
The orc wizard is lightly wounded.
The orc wizard barely misses you.
You completely miss the orc wizard.
The orc wizard is lightly wounded.
The orc wizard hits you but does no damage.
You closely miss the orc wizard.
The orc wizard is lightly wounded.
You block the orc wizard's attack.
The orc wizard gestures at you while chanting.
You are confused.
You fade into invisibility!
The orc wizard hits you but does no damage.
The orc priest calls down the wrath of Beogh upon you.
Beogh smites you!
You die...

..........o. #####
........... #....
.......... #....
.........###########....
......Zoo##.............
#o# #............. #K#
#.........#### #o#
#.........# #@#
#.........# #.#
#.........# #.#
#.........# #.#
#.........# #.#
#.........#
#.###.........####
#.............'...
#.............####
#.......###.######


You could see a big kobold, 2 orc priests, an orc wizard, an orc and an adder
skeleton.

Vanquished Creatures
  A worker ant (D:4)
  3 gnolls (D:3)
  6 adders
  An ooze (D:1)
  A worm (D:2)
  3 dart slugs
  An orc (D:4)
  4 giant cockroaches
  8 goblins
  8 hobgoblins
  4 jackals (D:2)
  2 quokkas
  2 ball pythons
  10 bats
  3 frilled lizards
  7 kobolds
  A leopard gecko zombie (D:3)
  12 rats
77 creatures vanquished.

Notes
Turn   | Place    | Note
-------+----------+-------------------------------------------
     0 | D:1      | funkygono the Gargoyle Fighter began the quest for the Orb.
     0 | D:1      | Reached XP level 1. HP: 14/14 MP: 1/1
   301 | D:1      | Reached XP level 2. HP: 19/19 MP: 2/2
   583 | D:1      | Reached XP level 3. HP: 23/23 MP: 3/3
  1169 | D:2      | Reached XP level 4. HP: 26/29 MP: 4/4
  1911 | D:3      | Reached XP level 5. HP: 21/33 MP: 5/5
  2121 | D:3      | Found a shattered altar of Ashenzari.
  2346 | D:3      | Reached skill level 1 in Dodging
  3193 | D:4      | Noticed a big kobold
  3208 | D:4      | Killed from afar by an orc priest

Illustrated notes

Levels and vault maps discovered:
D:1:      sevenhm_arrival_forest_fort_small_4, layout_loops_corners,
          minmay_misc_feat_alley, minmay_close_crescents
D:2:      layout_loops_ring, minivault_27
D:3:      layout_basic, minmay_misc_feat_diagonals, serial_bayou_pond_c,
          cheibrodos_ashenzari_chains
D:4:      layout_basic, kennysheep_little_box

Skill      XL: |  1  2  3  4  5 |
---------------+----------------+-----
Maces & Flails | 3 |  3.8
Armour         | 4 |  4.1
Shields        | 4 |  4.1
Dodging        | 1 |  1.0
Fighting       | 4 |  4.1
Stealth        | |  0.1

Action                   |  1- 3 |  4- 6 || total
-------------------------+-------+-------++-------
Melee: Flail             |   104 |   161 ||   265
  Use: Scroll            |     4 |     5 ||     9
       Potion            |       |     2 ||     2
  Eat: Chunk             |     1 |     6 ||     7
Armor: Scale mail        |    48 |    86 ||   134
Dodge: Dodged            |    37 |    53 ||    90
Block: Kite shield       |    48 |    96 ||   144
